 Dungeon Crawl Stone Soup version 0.22-a0-292-g0df9d5f (webtiles) character file.

42 Amnesiac the Gusty (level 3, -1/19 HPs)
             Began as a Tengu Air Elementalist on Mar 23, 2018.
             Slain by an adder (3 damage)
             ... on level 2 of the Dungeon.
             The game lasted 00:02:56 (1438 turns).

Amnesiac the Gusty (Tengu Air Elementalist)         Turns: 1438, Time: 00:02:58

Health: -1/19      AC:  2    Str:  8    XL:     3   Next: 54%
Magic:  2/7        EV: 12    Int: 16    God:
Gold:   61         SH:  0    Dex: 14    Spells: 6/7 levels left

rFire    . . .     SeeInvis .   (no weapon)
rCold    . . .     Gourm    .   (no shield)
rNeg     . . .     Faith    .   a - +0 robe
rPois    .         Spirit   .   (helmet restricted)
rElec    .         Reflect  .   (no cloak)
rCorr    .         Harm     .   (no gloves)
MR       .....                  (boots unavailable)
Stlth    ++........             h - amulet of rage
HPRegen  0.06/turn              (no ring)
MPRegen  0.10/turn              (no ring)

@: lethally poisoned (-1 -> -7)
A: beak, talons 3
a: Evoke Berserk Rage


You were on level 2 of the Dungeon.
You were hungry.

You visited 1 branch of the dungeon, and saw 2 of its levels.

You collected 61 gold pieces.

Inventory:

Armour
 a - a +0 robe (worn)
 i - a cursed +0 cloak
Jewellery
 h - an amulet of rage (around neck)
Scrolls
 e - a scroll of magic mapping {!r, unknown}
 f - a scroll of identify {!r, unknown}
 g - a scroll of amnesia {!r, unknown}
 j - a scroll of teleportation {!r, unknown}
Potions
 b - a potion of haste {!q, unknown}
Comestibles
 c - 3 rations
 d - a chunk of flesh


   Skills:
 - Level 2.1 Dodging
 - Level 2.0 Stealth
 + Level 2.5 Spellcasting
 - Level 1.3 Conjurations
 * Level 5.4 Air Magic


You had 6 spell levels left.
You knew the following spells:

 Your Spells              Type           Power        Failure   Level  Hunger
a - Shock                 Conj/Air       ##..         4%          1    #......


Dungeon Overview and Level Annotations

Branches:
Dungeon (2/15)

Altars:


Innate Abilities, Weirdness & Mutations

You have a beak for a mouth.
You have claws for feet.


Message History

Confirm with . or Enter, or press ? or * to list all spells.
Aiming: Shock (safe; 4% risk of failure)
Press: ? - help, Shift-Dir - straight line The zap hits the goblin.
The goblin is heavily wounded.
The goblin shouts!
The zap hits the goblin.
You kill the goblin!
You are feeling hungry.
The frilled lizard hisses angrily.
An adder and a quokka come into view.
Casting: Shock (safe; 4% risk of failure)
Confirm with . or Enter, or press ? or * to list all spells.
Aiming: Shock (safe; 4% risk of failure)
Press: ? - help, Shift-Dir - straight line, f - frilled lizard
Aim: a frilled lizard The zap hits the frilled lizard.
The frilled lizard is heavily wounded.
Casting: Shock (safe; 4% risk of failure)
Confirm with . or Enter, or press ? or * to list all spells.
Aiming: Shock (safe; 4% risk of failure)
Press: ? - help, Shift-Dir - straight line, f/p - frilled lizard
Aim: a frilled lizard (heavily wounded)
The zap hits the frilled lizard.
You kill the frilled lizard!
Casting: Shock (safe; 4% risk of failure)
Confirm with . or Enter, or press ? or * to list all spells.
Aiming: Shock (safe; 4% risk of failure)
Press: ? - help, Shift-Dir - straight line, f - quokka
Aim: a quokka The zap misses the quokka.
The quokka bites you. The quokka bites you. The quokka closely misses you.
A rat comes into view.
The quokka barely misses you. The rat bites you.
You fail to use your ability.
The quokka closely misses you. The rat bites you but does no damage.
You fail to use your ability.
The quokka bites you but does no damage.
The adder bites you.
You are poisoned.
The adder poisons you! The rat bites you but does no damage.
Casting: Shock (safe; 4% risk of failure)
Confirm with . or Enter, or press ? or * to list all spells.
Aiming: Shock (safe; 4% risk of failure)
Press: ? - help, Shift-Dir - straight line, p - quokka The zap misses the adder. x2; The zap hits the quokka.
The quokka is lightly wounded.
You feel sick. The adder bites you. The quokka misses you.
The rat bites you but does no damage.
Casting: Shock (safe; 4% risk of failure)
Confirm with . or Enter, or press ? or * to list all spells.
Aiming: Shock (safe; 4% risk of failure)
Press: ? - help, Shift-Dir - straight line The zap hits the adder.
The adder is lightly wounded.
The zap misses the adder.
The zap misses the quokka.
You feel sick. The adder bites you.
* * * LOW HITPOINT WARNING * * *
The quokka bites you.
* * * LOW HITPOINT WARNING * * *
The adder bites you.
You die...

....>.....#........#
.......####.###.##.#
######.# #.# #.##.#
#.......#.# #.##.#
..........#.# #.##.#
###......†#.# #.##.#
...........# #.##.#
###.......###
#Sr#.## #.......#
##@#..# #.%.....#
#r##.# #.##.# #.##<#
#.##.# #.##.# ..##.#
####.# #.###


You could see an adder, a quokka and a rat.

Vanquished Creatures
  2 dart slugs
  A leopard gecko (D:1)
  4 giant cockroaches (D:1)
  7 goblins
  3 hobgoblins (D:1)
  2 jackals (D:1)
  4 bats (D:1)
  2 frilled lizards
  5 kobolds
  5 rats
35 creatures vanquished.

Vanquished Creatures (others)
  A hobgoblin (D:1)
1 creature vanquished.

Grand Total: 36 creatures vanquished

Notes
Turn   | Place    | Note
-------+----------+-------------------------------------------
     0 | D:1      | Amnesiac the Tengu Air Elementalist began the quest for the Orb.
     0 | D:1      | Reached XP level 1. HP: 10/10 MP: 4/4
   201 | D:1      | Reached XP level 2. HP: 15/15 MP: 3/6
   638 | D:1      | Reached skill level 5 in Air Magic
   639 | D:1      | Reached XP level 3. HP: 19/19 MP: 2/7
  1438 | D:2      | Slain by an adder

Vault maps used:
D:1:      shiori_arrival_oz, st_stairs_10
D:2:      old_standard_altar, lemuel_crystal_altar, first_ration,
          kennysheep_nub, minmay_misc_feat_alley, guppyfry_early_orc_mine,
          uniq_jessica

Skill      XL: |  1  2 |
---------------+-------+-----
Air Magic      | 5 |  5.4
Dodging        | |  2.1
Stealth        | |  2.0
Spellcasting   | |  2.5
Conjurations   | |  1.3

Action                   || total
-------------------------++-------
Melee: Unarmed           ||     7
       Peck              ||     1
 Cast: Shock             ||    78
  Eat: Chunk             ||     2
Armor: Robe              ||    12
Dodge: Dodged            ||    16

Table legend:
 A = Spawn XP
 B = Non-spawn XP
 C = Spawn XP percentage of total XP
 D = Spawn monster count
 E = Non-spawn monster count
 F = Spawn count percentage of total count
 G = Total turns spent on level
                    A         B        C        D         E        F      G
               +---------+---------+-------+---------+---------+-------+---------
         Total |       0 |      60 |   0.0 |       0 |      35 |   0.0 |  1438
               +---------+---------+-------+---------+---------+-------+---------
           D:1 |       0 |      50 |   0.0 |       0 |      30 |   0.0 |  1232
           D:2 |       0 |      10 |   0.0 |       0 |       5 |   0.0 |   206
               +---------+---------+-------+---------+---------+-------+---------
